AoeStats
← SteiL

Arabia

509180771Analyzed
1v1 RM · 6d ago on Sep 25, 2026· 48m 48s· 2 players
Game mode
Random Map
Map size
Tiny (2 player)
Population
200
Speed
Normal
Resources
Standard
Victory
Conquest
Starting age
Dark Age
Ending age
Imperial Age
RankedLock teamsTeams togetherTeam positionsShared explorationLock speedFull tech treeHidden civsTurbo modeCheats
Victory
Defeat
🇦🇷 Malay · Argentina
1118
+16
🇩🇪 Mongols · Germany
1112
-16
SteiL
0:27 Loom
9:05 Feudal Age
12:29 Horse Collar
16:26 Wheelbarrow
19:58 Castle Age
18:43 Fletching
20:15 Bloodlines
21:37 Husbandry
21:35 Bodkin Arrow
22:05 Heavy Plow
22:20 Double-Bit Axe
24:59 Town Watch
29:22 Padded Archer Armor
37:45 Imperial Age
36:11 Ballistics
36:56 Hand Cart
37:01 Thumb Ring
38:55 Bracer
39:12 Leather Archer Armor
41:08 Chemistry
42:00 Elite Mangudai
47:26 Parthian Tactics
MedicenelMago
10:26 Feudal Age
10:41 Double-Bit Axe
10:49 Horse Collar
12:25 Loom
12:26 Town Watch
15:57 Fletching
17:50 Padded Archer Armor
22:59 Castle Age
21:04 Gold Mining
21:59 Crossbowman
22:41 Bodkin Arrow
24:18 Wheelbarrow
24:02 Bow Saw
26:14 Ballistics
26:35 Pikeman
29:15 Thumb Ring
32:52 Town Patrol
39:42 Imperial Age
38:44 Treadmill Crane
39:15 Masonry
38:50 Arbalester
40:08 Bracer
41:12 Hand Cart
41:25 Leather Archer Armor
42:20 Chemistry
45:19 Scale Barding Armor
46:14 Ring Archer Armor
45:56 Forging
46:38 Conscription
47:07 Light Cavalry
47:48 Husbandry
48:46 Forced Levy
49:54 Iron Casting
Connection lost

Rejoining the realm…

Still unreachable

The connection could not be restored.

Session expired

The server has moved on; the page needs a fresh start.